 Dungeon Crawl Stone Soup version 0.29.1-12-g30fa7ad0bf (webtiles) character file.

Game seed: 11084114809993030486

149 Groucho the Insei (level 5, -3/33 HPs)
             Began as an Octopode Transmuter on Dec 17, 2022.
             Slain by a gnoll
             ... wielding a +0 spear
             ... led by a gnoll bouda
              (6 damage)
             ... on level 3 of the Dungeon.
             The game lasted 00:04:57 (4803 turns).

Groucho the Insei (Octopode Transmuter)             Turns: 4803, Time: 00:04:58

Health: -3/33      AC:  1    Str: 12    XL:     5   Next: 31%
Magic:  9/9        EV: 13    Int: 15    God:
Gold:   101        SH:  0    Dex: 12    Spells: 3/9 levels left

rFire   . . .      SeeInvis .     - Unarmed
rCold   . . .      Faith    .   (no shield)
rNeg    . . .      Spirit   .   (helmet restricted)
rPois   .          Reflect  .   (no amulet)
rElec   .          Harm     .   (no ring)
rCorr   .          Rampage  .   (no ring)
Will    .....                   (no ring)
Stlth   +++.......              (no ring)
HPRegen 0.11/turn               (no ring)
MPRegen 0.11/turn               (no ring)
                                (no ring)
                                (no ring)

@: no status effects
A: almost no armour, amphibious, 8 rings, camouflage 1, gelatinous body 1,
(nimble swimmer 1), tentacles
a: no special abilities


You were on level 3 of the Dungeon.
You visited 1 branch of the dungeon, and saw 3 of its levels.

You collected 101 gold pieces.

Inventory:

Scrolls
 b - 2 scrolls of summoning {unknown}
 c - 3 scrolls of teleportation {unknown}
 h - 2 scrolls of blinking {unknown}
 i - a scroll of fear {unknown}
 l - a scroll of enchant weapon {unknown}
 m - a scroll of butterflies {unknown}
 o - a scroll of identify {unknown}
 p - a scroll of immolation {unknown}
 q - a scroll of amnesia {unknown}
 r - a scroll of magic mapping {unknown}
Potions
 a - 2 potions of lignification
 d - 2 potions of might {unknown}
 e - a potion of invisibility {unknown}
 f - a potion of magic {unknown}
 g - a potion of attraction {unknown}
 j - a potion of mutation {unknown}
 k - 2 potions of degeneration {unknown}
 n - a potion of heal wounds {unknown}


   Skills:
 - Level 1.0 Fighting
 + Level 2.9 Dodging
 + Level 2.9 Stealth
 + Level 3.7 Unarmed Combat
 + Level 2.8 Spellcasting
 + Level 2.9 Transmutations


You had 3 spell levels left.
You knew the following spells:

 Your Spells              Type           Power      Damage    Failure   Level
a - Beastly Appendage     Tmut           20%        N/A       6%          1
b - Spider Form           Tmut/Pois      6%         N/A       32%         3
c - Wereblood             Tmut           10%        N/A       10%         2

Your spell library contained the following spells:

 Spells                   Type           Power      Damage    Failure   Level
 Freeze                   Ice            8%         1d3       21%         1
 Necrotise                Necr           8%         1d4       21%         1
 Frozen Ramparts          Ice            4%         1d1       52%         3
 Vampiric Draining        Necr           2%         2d6       52%         3
 Ice Form                 Ice/Tmut       6%         N/A       73%         4
 Hailstorm                Conj/Ice       2%         3d3       90%         4
 Agony                    Necr           2%         N/A       99%         5


Dungeon Overview and Level Annotations

Branches:
Dungeon (3/15)

Altars:
Wu Jian


Innate Abilities, Weirdness & Mutations

You cannot wear most types of armour.
You are amphibious.
You can wear up to eight rings at the same time.
Your skin changes colour to match your surroundings (Stealth+).
Your rubbery body absorbs attacks. (AC +1, EV +1)
((You are camouflaged when in or above water. (Stealth+)))
You have tentacles for arms and can constrict up to eight enemies at once.


Message History

You tentacle-slap the gnoll.
You pierce the gnoll, but do no damage.
The gnoll is almost dead.
You constrict the gnoll.
You kill the gnoll!
Unknown command.
Unknown command.
You closely miss the gnoll bouda. Your grab misses the gnoll bouda.
A gnoll comes into view. It is wielding a +0 club.
The gnoll bouda misses you.
Unknown command.
You closely miss the gnoll bouda. You grab the gnoll bouda.
You constrict the gnoll bouda, but do no damage.
The gnoll hits you from afar with a +0 spear.
The gnoll bouda closely misses you.
You tentacle-slap the gnoll bouda but do no damage.
You pierce the gnoll bouda.
The gnoll bouda is lightly wounded.
You constrict the gnoll bouda, but do no damage.
The gnoll hits you from afar with a +0 spear.
The gnoll bouda misses you.
You tentacle-slap the gnoll bouda.
You pierce the gnoll bouda, but do no damage.
You squeeze the gnoll bouda, but do no damage.
The gnoll bouda is moderately wounded.
You constrict the gnoll bouda. The gnoll closely misses you.
The gnoll bouda misses you.
You tentacle-slap the gnoll bouda but do no damage.
You pierce the gnoll bouda, but do no damage.
You squeeze the gnoll bouda.
The gnoll bouda is heavily wounded.
Your tentacle spike disappears.
You constrict the gnoll bouda.
The gnoll hits you from afar with a +0 spear.
The gnoll bouda hits you with a +0 club!
* * * LOW HITPOINT WARNING * * *
You tentacle-slap the gnoll bouda but do no damage.
The gnoll bouda is heavily wounded.
You constrict the gnoll bouda.
The gnoll hits you from afar with a +0 spear.
You die...

... #.# #.# ...#
##.## #..#
######...###.# #.<#
#........... #..# #.#
#...# #..#
#.####..(###### #..#
#.##......@ggg#
#..####.##.#...####.#
#.............##
...........####
#######.#### #.# #.#
#.# #..


You could see a gnoll bouda and 2 gnolls.

Vanquished Creatures
  Jessica (D:3)
  Terence (D:2)
  3 adders (D:2)
  2 gnolls (D:3)
  2 worms (D:2)
  2 dart slugs
  A bat (D:2)
  An endoplasm (D:1)
  A giant cockroach (D:3)
  5 goblins
  3 hobgoblins
  4 jackals (D:1)
  A quokka (D:3)
  8 ball pythons
  2 frilled lizards
  3 kobolds
  6 rats
46 creatures vanquished.

Notes
Turn   | Place    | Note
-------+----------+-------------------------------------------
     0 | D:1      | Groucho the Octopode Transmuter began the quest for the
                  | Orb.
     0 | D:1      | Reached XP level 1. HP: 13/13 MP: 3/3
   103 | D:1      | Reached skill level 1 in Stealth
   103 | D:1      | Reached XP level 2. HP: 7/18 MP: 3/5
  1550 | D:2      | Found an ornate altar of the Wu Jian Council.
  1594 | D:2      | Found a faded altar of an unknown god.
  1601 | D:2      | Reached XP level 3. HP: 20/23 MP: 4/6
  2197 | D:2      | Noticed Terence
  2209 | D:2      | Killed Terence
  2210 | D:2      | Reached XP level 4. HP: 5/28 MP: 5/7
  2961 | D:2      | Learned a level 3 spell: Spider Form
  2964 | D:2      | Learned a level 2 spell: Wereblood
  4626 | D:3      | Noticed Jessica
  4635 | D:3      | Killed Jessica
  4636 | D:3      | Reached XP level 5. HP: 22/33 MP: 7/9
  4803 | D:3      | Slain by a gnoll

Illustrated notes

Levels and vault maps discovered:
D:1:      minmay_arrival_hallway, layout_loops_cross
D:2:      layout_loops_cross, basic_altar,
          shapermc_ecumenical_altar_starsandcircs, grunt_ministairs_11,
          kennysheep_generic_room_4, uniq_terence
D:3:      layout_loops_ring, mainiacjoe_overflow_big_doors,
          nicolae_elyvilon_temple_path, uniq_jessica

Skill      XL: |  1  2  3 |
---------------+----------+-----
Stealth        | 1 2 |  2.9
Fighting       | |  1.0
Dodging        | |  2.9
Unarmed Combat | |  3.7
Spellcasting   | |  2.8
Transmutations | |  2.9

Action                   |  1- 3 |  4- 6 || total
-------------------------+-------+-------++-------
Melee: Unarmed           |    62 |    41 ||   103
       Constrict         |    23 |    13 ||    36
       Kick              |    11 |    10 ||    21
       Tentacles         |    14 |    13 ||    27
       Punch             |     1 |     1 ||     2
 Cast: Beastly Appendage |     9 |     7 ||    16
 Stab: Sleeping          |     6 |     8 ||    14
       Distracted        |       |     1 ||     1
Armor: Skin              |     1 |     1 ||     2
Dodge: Dodged            |    37 |    18 ||    55
